 Dungeon Crawl Stone Soup version 0.25-a0-785-gb22c70e859 (webtiles) character file.

Game seed: 6447208959599635557, levelgen mode: deterministic

612 Eurus the Conjurer (level 7, -3/48 HPs)
             Began as a Mummy Conjurer on Apr 17, 2020.
             Was a Follower of Ashenzari.
             Shot with an arrow by a centaur (10 damage)
             ... on level 5 of the Dungeon.
             The game lasted 00:12:26 (5413 turns).

Eurus the Conjurer (Mummy Conjurer)                 Turns: 5413, Time: 00:12:26

Health: -3/48      AC:  5    Str: 11    XL:     7   Next: 20%
Magic:  10/15      EV: 11    Int: 16    God:    Ashenzari [*.....]
Gold:   146        SH:  0    Dex: 13    Spells: 9/16 levels left

rFire    x . .     SeeInvis .   h - +7 mace (curse)
rCold    + . .     Gourm    .   (no shield)
rNeg     + + +     Faith    .   g - +0 leather armour
rPois    ∞         Spirit   .   (no helmet)
rElec    .         Reflect  .   n - +0 cloak
rCorr    .         Harm     .   c - +0 pair of gloves
MR       .....                  (no boots)
Stlth    ++........             (no amulet)
HPRegen  0.16/turn              (no ring)
MPRegen  0.14/turn              (no ring)

@: no status effects
A: no food or potions, fire vulnerability, cold resistance 1, negative energy
resistance 3, torment resistance, unbreathing
a: Curse Item, Scrying, Renounce Religion


You were on level 5 of the Dungeon.
You worshipped Ashenzari.
Ashenzari was aware of your devotion.
You were not hungry.

You visited 1 branch of the dungeon, and saw 5 of its levels.

You collected 146 gold pieces.

Inventory:

Hand Weapons
 h - a cursed +7 mace (weapon)
Armour
 c - a +0 pair of gloves (worn)
 g - a +0 leather armour (worn)
 m - a +1 buckler
 n - a +0 cloak (worn)
Wands
 i - a wand of polymorph (11)
 k - a wand of enslavement (7)
 l - a wand of paralysis (10)
 p - a wand of digging (5)
Scrolls
 a - a scroll of fear
 b - 5 scrolls of teleportation
 d - 4 scrolls of remove curse
 e - 4 scrolls of identify
 f - 3 scrolls of magic mapping


   Skills:
 - Level 1.5 Fighting
 - Level 1.5 Dodging
 - Level 1.5 Stealth
 * Level 2.2 Shields
 + Level 5.3 Spellcasting
 * Level 5.7 Conjurations
 + Level 0.4 Translocations


You had 9 spell levels left.
You knew the following spells:

 Your Spells              Type           Power        Failure   Level  Hunger
a - Magic Dart            Conj           ###.         1%          1    N/A
b - Searing Ray           Conj           ###...       2%          2    N/A
c - Iskenderun's Mystic   Conj/Tloc      ##......     47%         4    N/A

Your spell library contained the following spells:

 Spells                   Type           Power        Failure   Level  Hunger
 Dazzling Flash           Conj/Hex       ##....       19%         3    N/A
 Fulminant Prism          Conj/Hex       ##........   52%         4    N/A

Dungeon Overview and Level Annotations

Branches:
Dungeon (5/15)
 Temple: D:4-7

Altars:
Ashenzari
Cheibriados
Hepliaklqana
Okawaru
Wu Jian

Shops:
D:4 [


Innate Abilities, Weirdness & Mutations

You do not eat or drink.
Your flesh is vulnerable to fire.
You are immune to poison.
Your flesh is cold resistant. (rC+)
You are immune to negative energy. (rN+++)
You are immune to unholy pain and torment.
You can survive without breathing.


Message History

You kill the orc! (Press . to maintain the ray.)
The centaur shoots an arrow.
The arrow hits you. The arrow burns you.
The centaur shoots an arrow.
The arrow hits you!
* * * LOW HITPOINT WARNING * * *
The arrow burns you.
* * * LOW HITPOINT WARNING * * *
Casting: Searing Ray (safe; 2% risk of failure)
Confirm with . or Enter, or press ? or * to list all spells.
Aiming: Searing Ray (safe; 2% risk of failure)
Press: ? - help, Shift-Dir - straight line, f - centaur
Aim: a centaur, wielding a +2 shortbow of flaming and quivering 17 arrows The searing ray hits the centaur!
The centaur is heavily wounded. (Press . to maintain the ray.)
A hound skeleton comes into view.
The searing ray hits the centaur.
The centaur is severely wounded.
The centaur shoots an arrow.
The arrow hits you!
You die...

#
###'####.............#
# # #.#
#.............# #
#####.#
#.............# #
#>...†#
########'#....#
####.....#
#.......####.#
..##.[...# #..(....#
.# ..##.....#
#.......# #
..##.....#######'#####
..''.....##.....@..#
..##....###........#
..##....# #........#
..##....# #.....c..#
..####### #........Z
### ######+#... ....
.....


You could see a centaur and a hound skeleton.

Vanquished Creatures
  A phantom (D:5)
  2 scorpions (D:5)
  2 hounds (D:4)
  An orc priest (D:4)
  A bullfrog skeleton (D:4)
  An orc wizard (D:5)
  2 worker ants
  A hound skeleton (D:4)
  3 gnolls (D:3)
  2 howler monkey skeletons
  8 adders
  An ooze (D:2)
  An adder skeleton (D:5)
  3 worms
  6 dart slugs
  2 leopard geckos
  8 orcs
  7 bats
  2 giant cockroaches (D:1)
  3 goblins
  2 hobgoblins
  14 kobolds
  A quokka (D:3)
  A ball python (D:2)
  5 frilled lizards
  A leopard gecko skeleton (D:4)
  6 rats
87 creatures vanquished.

Notes
Turn   | Place    | Note
-------+----------+-------------------------------------------
     0 | D:1      | Eurus the Mummy Conjurer began the quest for the Orb.
     0 | D:1      | Reached XP level 1. HP: 13/13 MP: 4/4
   389 | D:1      | Reached XP level 2. HP: 16/19 MP: 3/6
   843 | D:1      | Reached XP level 3. HP: 24/24 MP: 5/7
  1205 | D:1      | Learned a level 2 spell: Searing Ray
  1696 | D:2      | Reached XP level 4. HP: 31/31 MP: 6/9
  1872 | D:2      | Found a shattered altar of Ashenzari.
  1899 | D:2      | Became a worshipper of Ashenzari the Shackled
  2330 | D:2      | Reached skill level 1 in Fighting
  2544 | D:3      | Found a snail-covered altar of Cheibriados.
  2731 | D:3      | Found a hazy altar of Hepliaklqana.
  2732 | D:3      | Found an iron altar of Okawaru.
  2732 | D:3      | Found an ornate altar of the Wu Jian Council.
  2969 | D:3      | Reached XP level 5. HP: 35/37 MP: 11/11
  3979 | D:4      | Reached skill level 1 in Shields
  3979 | D:4      | Reached skill level 5 in Conjurations
  4173 | D:4      | Reached XP level 6. HP: 43/43 MP: 9/12
  4510 | D:4      | Reached * piety under Ashenzari
  4581 | D:4      | Found Biry's Antique Armour Boutique.
  4763 | D:5      | Entered Level 5 of the Dungeon
  4949 | D:5      | Reached skill level 5 in Spellcasting
  5102 | D:5      | Reached XP level 7. HP: 46/48 MP: 2/14
  5218 | D:5      | Learned a level 4 spell: Iskenderun's Mystic Blast
  5413 | D:5      | Shot with an arrow by a centaur

Levels and vault maps discovered:
D:1:      psy_arrival_fountain, layout_loops_ring
D:2:      layout_loops_ring, nicolae_ashenzari_panopticon
D:3:      layout_basic, grunt_temple_overflow_open, first_ration
D:4:      layout_loops_ring, serial_shops, nicolae_shop_trees
D:5:      layout_basic, minmay_temple_entry_enclosed_plants

Skill      XL: |  1  2  3  4  5  6  7 |
---------------+----------------------+-----
Spellcasting   | 3 4 5 |  5.3
Conjurations   | 4 5 |  5.7
Fighting       | 1 |  1.5
Shields        | 1 2 |  2.2
Dodging        | |  1.5
Stealth        | |  1.5
Translocations | |  0.4

Action                   |  1- 3 |  4- 6 |  7- 9 || total
-------------------------+-------+-------+-------++-------
Melee: Dagger            |    26 |       |       ||    26
       Unarmed           |     6 |       |       ||     6
       Mace              |       |    44 |     5 ||    49
 Cast: Magic Dart        |    61 |    24 |       ||    85
       Searing Ray       |     4 |    24 |     4 ||    32
Invok: Curse Item        |       |     1 |       ||     1
  Use: Scroll            |       |     9 |     3 ||    12
Armor: Robe              |     3 |     7 |       ||    10
       Leather armour    |       |     9 |     2 ||    11
Dodge: Dodged            |    36 |    51 |     3 ||    90

Table legend:
 A = Non-vault XP
 B = Vault XP
 C = Vault XP percentage of total XP
 D = Non-vault monster count
 E = Vault monster count
 F = Vault count percentage of total count
                 A         B        C        D         E       F
            +---------+---------+-------+---------+---------+-------
      Total |     875 |       0 |   0.0 |      87 |       0 |   0.0
            +---------+---------+-------+---------+---------+-------
        D:1 |      56 |       0 |   0.0 |      24 |       0 |   0.0
        D:2 |      88 |       0 |   0.0 |      20 |       0 |   0.0
        D:3 |      98 |       0 |   0.0 |      18 |       0 |   0.0
        D:4 |     261 |       0 |   0.0 |      14 |       0 |   0.0
        D:5 |     372 |       0 |   0.0 |      11 |       0 |   0.0
            +---------+---------+-------+---------+---------+-------
